 Dungeon Crawl Stone Soup version 0.27.0-1-g7a089689b8 (webtiles) character file.

Game seed: 18033841966170588678

7479 Brandom the Spear-Bearer (level 11, -3/86 HPs)
             Began as a Merfolk Necromancer on Aug 7, 2021.
             Was a Follower of Kikubaaqudgha.
             Slain by a komodo dragon (25 damage)
             ... on level 1 of the Lair of Beasts.
             The game lasted 00:29:26 (13796 turns).

Brandom the Spear-Bearer (Merfolk Necromancer)     Turns: 13796, Time: 00:29:26

Health: -3/86      AC:  7    Str:  8    XL:     11   Next: 15%
Magic:  3/29       EV: 15    Int: 19    God:    Kikubaaqudgha [*.....]
Gold:   391        SH:  0    Dex: 14    Spells: 12/22 levels left

rFire    . . .     SeeInvis .   y - +1 spear (venom)
rCold    . . .     Faith    .   (no shield)
rNeg     . . .     Spirit   .   H - +0 troll leather armour
rPois    .         Reflect  .   s - +2 hat
rElec    .         Harm     .   B - +0 cloak
rCorr    .         Rampage  .   (no gloves)
Will     .....                  (no boots)
Stlth    ++........             (no amulet)
HPRegen  1.24/turn              h - ring of magical power
MPRegen  0.21/turn              (no ring)

@: no status effects
A: (nimble swimmer 2), mertail
a: Renounce Religion, Receive Corpses


You were on level 1 of the Lair of Beasts.
You worshipped Kikubaaqudgha.
Kikubaaqudgha was aware of your devotion.
You visited 2 branches of the dungeon, and saw 11 of its levels.

You collected 391 gold pieces.

Inventory:

Hand Weapons
 b - a +0 spear
   (You found it on level 1 of the Dungeon)
 y - a +1 spear of venom (weapon)
   (You found it on level 5 of the Dungeon)
 C - a +1 whip of electrocution
   (You took it off a kobold on level 1 of the Dungeon)
Missiles
 G - 3 throwing nets {!f}
Armour
 a - a +0 robe
 j - a +0 helmet
   (You found it on level 3 of the Dungeon)
 q - +0 steam dragon scales
   (You found it on level 4 of the Dungeon)
 s - a +2 hat (worn)
   (You found it on level 8 of the Dungeon)
 B - a +0 cloak (worn)
   (You took it off Crazy Yiuf on level 6 of the Dungeon)
 H - a +0 troll leather armour (worn)
   (You found it on level 9 of the Dungeon)
Jewellery
 h - a ring of magical power (left hand)
   (You found it on level 2 of the Dungeon)
 m - a ring of ice
   (You found it on level 4 of the Dungeon)
 p - a ring of flight
   (You found it on level 4 of the Dungeon)
 w - a +6 ring of strength
   (You found it on level 9 of the Dungeon)
Wands
 d - a wand of iceblast (10)
   (You found it on level 6 of the Dungeon)
 t - a wand of flame (39)
   (You took it off Terence on level 3 of the Dungeon)
 u - a wand of paralysis (19)
   (You found it on level 4 of the Dungeon)
 F - a wand of polymorph (8)
   (You found it on level 7 of the Dungeon)
Scrolls
 g - 6 scrolls of noise {!r}
 i - 2 scrolls of enchant weapon
 k - 2 scrolls of blinking {unknown}
 o - a scroll of holy word
 r - a scroll of magic mapping {unknown}
 z - 4 scrolls of amnesia
 A - 3 scrolls of teleportation {unknown}
 D - a scroll of brand weapon {unknown}
Potions
 c - a potion of curing {@q1}
 e - a potion of degeneration {!q}
 f - a potion of cancellation
 l - a potion of attraction {!q}
 n - 2 potions of might
 v - a potion of berserk rage
 x - a potion of haste {@q3}
 E - 2 potions of ambrosia
 I - a potion of brilliance


   Skills:
 + Level 7.8 Fighting
 + Level 10.1 Polearms
 + Level 3.4 Armour
 + Level 9.8 Dodging
 - Level 2.1 Stealth
 - Level 6.0 Spellcasting
 + Level 6.9 Necromancy
 - Level 3.0 Translocations


You had 12 spell levels left.
You knew the following spells:

 Your Spells              Type           Power      Damage    Failure   Level
a - Pain                  Necr           100%       1d9       1%          1
b - Blink                 Tloc           N/A        N/A       7%          2
c - Animate Dead          Necr           16%        N/A       9%          4
q - Vampiric Draining     Necr           16%        2d8       2%          3

Your spell library contained the following spells:

 Spells                   Type           Power      Damage    Failure   Level
 Animate Skeleton         Necr           64%        N/A       1%          1
 Sublimation of Blood     Necr           16%        N/A       1%          2
 Lesser Beckoning         Tloc           8%         N/A       14%         3
 Corona                   Hex            5%         N/A       16%         1
 Freeze                   Ice            20%        1d4       16%         1
 Sting                    Tmut/Pois      20%        1d4       16%         1
 Ensorcelled Hibernation  Hex/Ice        10%        N/A       24%         2
 Poisonous Vapours        Pois/Air       10%        N/A       24%         2
 Agony                    Necr           32%        N/A       26%         5
 Passage of Golubria      Tloc           N/A        N/A       41%         4
 Conjure Flame            Conj/Fire      5%         6-21      43%         3
 Frozen Ramparts          Ice            10%        1d3       43%         3
 Ignite Poison            Fire/Tmut/Pois 5%         N/A       43%         3
 Tukima's Dance           Hex            5%         N/A       43%         3
 Manifold Assault         Tloc           17%        N/A       77%         5
 Hailstorm                Conj/Ice       5%         3d4       83%         4
 Olgreb's Toxic Radiance  Pois           5%         N/A       83%         4
 Sticky Flame             Conj/Fire      5%         2d3       83%         4
 Silence                  Hex/Air        2%         N/A       99%         5
 Lehudib's Crystal Spear  Conj/Erth      2%         10d2      100%        8


Dungeon Overview and Level Annotations

Branches:
Dungeon (10/15)            Temple (0/1) D:7            Lair (1/6) D:10
    Orc: D:9-12

Altars:
Elyvilon
Kikubaaqudgha
Nemelex Xobeh
Okawaru
Yredelemnul
The Shining One

Shops:
D:1 [

Portals:
Abyss: D:9

Annotations:
D:9 2 transporters, theswoord's ghost, novice DsGl
D:10 Gastronok


Innate Abilities, Weirdness & Mutations

((You are quick and stealthy near water. (Stealth+, EV+, Speed+++)))
Your lower body shifts to a powerful aquatic tail in water.


Message History

Kikubaaqudgha accepts your kill.
Aim: a yak You draw life force from the yak.
You feel life coursing into your body. The komodo dragon bites you.
* * * LOW HITPOINT WARNING * * *
The yak gores your yak zombie!!
Your yak zombie is destroyed!
The yak closely misses you.
Your magical contamination has completely faded away.
There is nothing nearby to animate!
Unknown command.
Aim: a yak (lightly wounded)
You draw life force from the yak!
You feel life coursing into your body. The komodo dragon closely misses you.
The yak gores you!
* * * LOW HITPOINT WARNING * * *
Unknown command.
You blink.
Kikubaaqudgha delivers you corpses!
You call on the dead to rise...
The dead are walking, flying and slithering!
You are too injured to fight recklessly!
Reach: y) +1 spear (venom)
Aim: a yak (heavily wounded, ally target, about 22% to evade your +1 spear of venom)
You reach to attack!
You puncture the yak!
The yak is poisoned.
Your black mamba zombie bites the yak.
The yak gores your black mamba zombie.
Your black mamba zombie barely misses the yak.
Your komodo dragon zombie bites the komodo dragon!
Your wyvern zombie bites the komodo dragon!
Reach: y) +1 spear (venom)
Aim: a komodo dragon (heavily wounded, about 25% to evade your +1 spear of venom)
You barely miss the komodo dragon.
Your black mamba zombie bites the yak.
The yak gores your black mamba zombie!
Reach: y) +1 spear (venom)
Aim: a komodo dragon (heavily wounded, about 25% to evade your +1 spear of venom)
You hit the komodo dragon.
Your wyvern zombie bites the komodo dragon!
The komodo dragon bites you!!
* * * LOW HITPOINT WARNING * * *
Your black mamba zombie bites the yak!
Your komodo dragon zombie barely misses the yak.
The yak completely misses your komodo dragon zombie.
Reach: y) +1 spear (venom)
Aim: a komodo dragon (severely wounded, about 25% to evade your +1 spear of venom)
You hit the komodo dragon but do no damage.
The komodo dragon is poisoned.
Your wyvern zombie bites the komodo dragon.
Your black mamba zombie bites the yak.
The yak gores your black mamba zombie! The komodo dragon bites you!!
You die...
Kikubaaqudgha rasps: "You have failed me!
Welcome... death!"

# #. .. .#. #. .... ###
#. ##... ####.######.
#.....#######...........
#.....@lYY.............
.......ZZZ..............
P....########...........
#... ########...# #..
##..# .. #..# # #..#
#..# #...


You could see a komodo dragon (very poisoned), 2 yaks, a friendly komodo dragon
zombie, a friendly black mamba zombie and a friendly wyvern zombie.

Vanquished Creatures
  Josephine (D:10)
  Harold (D:7)
  2 trolls (D:9)
  Prince Ribbit (D:5)
  A hornet (D:9)
  7 yaks
  A spriggan (D:8)
  3 wraiths (D:9)
  Eustachio (D:5)
  Sigmund (D:4)
  A steam dragon (D:4)
  3 sky beasts
  2 orc warriors (D:9)
  3 ogres
  An ice beast (D:8)
  3 necrophages
  3 centaurs
  A phantom (D:6)
  A wyvern zombie (D:6)
  4 bullfrogs
  A gnoll sergeant (D:7)
  A scorpion (D:6)
  3 killer bees (D:8)
  5 howler monkeys (D:9)
  A bullfrog zombie (D:5)
  2 jellies
  4 hounds
  A centaur zombie (D:5)
  4 orc priests
  Crazy Yiuf (D:6)
  A centaur skeleton (D:7)
  Terence (D:3)
  7 orc wizards
  2 killer bee zombies
  3 gnolls
  5 adders
  2 worms (D:4)
  4 dart slugs
  36 orcs
  8 ball pythons
  6 bats
  6 endoplasms
  5 giant cockroaches
  8 goblins
  8 hobgoblins
  3 jackals (D:5)
  4 quokkas
  7 frilled lizards
  7 kobolds
  2 rats
189 creatures vanquished.

Vanquished Creatures (collateral kills)
  A yak (Lair:1)
  2 vampire mosquitoes (D:7)
3 creatures vanquished.

Vanquished Creatures (others)
  8 plants
8 creatures vanquished.

Grand Total: 200 creatures vanquished

Notes
Turn   | Place    | Note
-------+----------+-------------------------------------------
     0 | D:1      | Brandom the Merfolk Necromancer began the quest for the
                  | Orb.
     0 | D:1      | Reached XP level 1. HP: 13/13 MP: 3/3
   230 | D:1      | Reached XP level 2. HP: 18/20 MP: 3/5
   350 | D:1      | Reached skill level 1 in Fighting
   620 | D:1      | Found Lisheennycw's Armour Boutique.
   759 | D:1      | Reached skill level 1 in Polearms
   763 | D:1      | Reached XP level 3. HP: 23/26 MP: 6/6
  1442 | D:2      | Learned a level 3 spell: Vampiric Draining
  1466 | D:2      | Reached skill level 2 in Polearms
  1466 | D:2      | Reached XP level 4. HP: 18/33 MP: 7/7
  1723 | D:2      | Found a faded altar of an unknown god.
  2728 | D:3      | Reached XP level 5. HP: 38/38 MP: 8/8
  2791 | D:3      | Learned a level 2 spell: Blink
  2812 | D:3      | Noticed Terence
  2822 | D:3      | Killed Terence
  3593 | D:4      | Noticed Sigmund
  3703 | D:4      | Reached skill level 3 in Polearms
  3766 | D:4      | Noticed a steam dragon
  3769 | D:4      | Noticed a necrophage
  3775 | D:4      | Killed a steam dragon
  3776 | D:4      | Reached skill level 1 in Translocations
  3776 | D:4      | Reached XP level 6. HP: 13/46 MP: 10/10
  3807 | D:4      | Killed a necrophage
  4118 | D:4      | Found an iron altar of Okawaru.
  4364 | D:4      | Killed Sigmund
  4365 | D:4      | Reached skill level 4 in Polearms
  4365 | D:4      | Reached skill level 5 in Dodging
  4365 | D:4      | Reached XP level 7. HP: 48/52 MP: 11/11
  4386 | D:5      | Entered Level 5 of the Dungeon
  4591 | D:5      | Found a glowing golden altar of the Shining One.
  4730 | D:5      | Noticed Eustachio
  4742 | D:5      | Killed Eustachio
  4743 | D:5      | Reached skill level 5 in Polearms
  4743 | D:5      | Reached XP level 8. HP: 38/60 MP: 13/13
  4996 | D:5      | Learned a level 4 spell: Animate Dead
  5202 | D:5      | Noticed Prince Ribbit
  5218 | D:5      | Killed Prince Ribbit
  6164 | D:6      | Found a basalt altar of Yredelemnul.
  6276 | D:6      | Found a runed translucent door.
  6277 | D:6      | Noticed Crazy Yiuf
  6285 | D:6      | Killed Crazy Yiuf
  6286 | D:6      | Reached skill level 6 in Polearms
  6286 | D:6      | Reached skill level 5 in Necromancy
  6884 | D:6      | Reached XP level 9. HP: 32/67 MP: 15/15
  7266 | D:6      | Reached skill level 5 in Fighting
  7742 | D:7      | Found an ancient bone altar of Kikubaaqudgha.
  7742 | D:7      | Found a white marble altar of Elyvilon.
  7749 | D:7      | Became a worshipper of Kikubaaqudgha
  7799 | D:7      | Found a sparkling altar of Nemelex Xobeh.
  7974 | D:7      | Reached skill level 7 in Polearms
  8131 | D:7      | Found a staircase to the Ecumenical Temple.
  8424 | D:7      | Reached skill level 5 in Spellcasting
  8718 | D:7      | Noticed Harold
  8725 | D:7      | Killed Harold
  8726 | D:7      | Reached skill level 8 in Polearms
  8726 | D:7      | Reached skill level 1 in Armour
  9269 | D:8      | Reached XP level 10. HP: 17/76 MP: 17/18
 10173 | D:8      | Reached * piety under Kikubaaqudgha
 10173 | D:8      | Received a gift from Kikubaaqudgha
 11392 | D:9      | Reached skill level 9 in Polearms
 11824 | D:9      | Found a one-way gate to the infinite horrors of the Abyss.
 11824 | D:9      | Noticed theswoord's ghost (novice DsGl)
 11825 | D:9      | Noticed a toenail golem
 11826 | D:9      | Noticed a toenail golem
 11832 | D:9      | Noticed a great orb of eyes
 12322 | D:9      | Found a transporter.
 12328 | D:9      | Noticed a skeletal warrior
 12368 | D:9      | Found a transporter.
 12801 | D:10     | Entered Level 10 of the Dungeon
 12801 | D:10     | Found a staircase to the Lair.
 12942 | D:10     | Noticed Gastronok
 13077 | D:10     | Noticed Josephine
 13251 | D:10     | Killed Josephine
 13252 | D:10     | Reached XP level 11. HP: 50/84 MP: 20/20
 13437 | D:9      | Reached skill level 10 in Polearms
 13619 | Lair:1   | Entered Level 1 of the Lair of Beasts
 13796 | Lair:1   | Slain by a komodo dragon

Illustrated notes

Levels and vault maps discovered:
D:1:      amcnicky_arrival_abandoned_market, layout_basic, serial_shops,
          nicolae_square_shop
D:2:      wad_lake_hut, layout_basic,
          dreamdust_ecumenical_altar_angels_and_demons, wad_floor_pattern_1
D:3:      layout_loops_ring, serial_park_tiny_pond, minmay_cut_off, uniq_terence
D:4:      layout_cave_pools, mainiacjoe_overflow_surrounded_room, uniq_sigmund
D:5:      layout_loops_corners, lemuel_doored_altar, chequers_decorated_corner,
          uniq_eustachio, uniq_prince_ribbit1
D:6:      layout_basic, mainiacjoe_overflow_alcove_1, uniq_crazy_yiuf_cottage
D:7:      layout_gridville, amethyst_overflow_temple_binary, marbit_many_paths,
          minmay_temple_entry_enclosed_plants, uniq_harold
D:8:      layout_basic, the_hattery
D:9:      layout_basic, gammafunk_ghost_abyssal_escape
D:10:     layout_basic, lair_entry_dummy, uniq_josephine, uniq_gastronok
Lair:1:   layout_gridlike, ebering_ghost_rock_garden, uniq_urug

Skill      XL: |  1  2  3  4  5  6  7  8  9 10 11 |
---------------+----------------------------------+-----
Dodging        | 3 4 5 6 8 9 |  9.8
Fighting       | 1 2 3 4 6 7 |  7.8
Polearms       | 1 2 3 4 5 6 8 9 10 | 10.1
Necromancy     | 4 5 6 |  6.9
Translocations | 1 2 3 |  3.0
Spellcasting   | 3 4 5 6 |  6.0
Armour         | 1 3 |  3.4
Stealth        | |  2.1

Action                   |  1- 3 |  4- 6 |  7- 9 | 10-12 || total
-------------------------+-------+-------+-------+-------++-------
Melee: Spear             |    12 |       |   291 |   577 ||   880
       Whip              |    63 |   152 |    90 |       ||   305
 Cast: Pain              |     3 |     3 |     7 |     4 ||    17
       Vampiric Draining |       |     1 |    11 |    26 ||    38
       Animate Dead      |       |       |       |     3 ||     3
       Blink             |       |       |       |     2 ||     2
Invok: Receive Corpses   |       |       |       |     1 ||     1
  Use: Scroll            |     2 |     4 |     6 |     4 ||    16
       Potion            |       |       |     2 |     4 ||     6
 Stab: Sleeping          |     8 |     9 |     5 |     2 ||    24
       Distracted        |       |       |     1 |       ||     1
Armor: Robe              |    12 |    28 |       |       ||    40
       Steam dragon scal |       |     1 |    95 |    40 ||   136
       Troll leather arm |       |       |       |    58 ||    58
Dodge: Dodged            |    45 |   111 |   267 |   339 ||   762
